Map: Abyssal Reef LE

Players

Snomomo

  • Race: Zerg Zerg
  • League: Gold
  • Spawn Location: 11:00

iPlayDefense - Winner!

  • Race: Terran Terran
  • League: Bronze
  • Spawn Location: 5:00

VOD

Have the link to the VOD?

Description

Time

  • Played on: April 12, 2025, 3:48 p.m.
  • Length: 42:39
Show
View Real Time Build Order
Export as new Build Order

Snomomo Zerg 

Build Orders: Pool First, Swarm Host 

Get SALT Encoding   

  12  0:01  Drone  
  13  0:11  Drone  
  14  0:17  Overlord  
  14  0:40  Spawning Pool, Drone  
  14  0:42  Drone  
  15  0:46  Drone  
  16  0:54  Drone  
  17  1:04  Drone  
  18  1:17  Hatchery  
  17  1:19  Drone  
  18  1:25  Extractor  
  18  1:29  Zergling x2  
  18  1:34  Drone  
  19  1:49  Drone  
  20  1:56  Hatchery  
  20  1:58  Queen  
  21  2:06  Drone  
  22  2:11  Extractor  
  21  2:18  Drone  
  21  2:20  Overlord  
  22  2:45  Lair  
  22  2:48  Drone x2  
  24  2:54  Spore Crawler  
  24  2:55  Spine Crawler  
  24  2:56  Drone x2  
  24  3:00  Drone  
  24  3:20  Drone x2  
  24  3:22  Drone  
  24  3:25  Drone  
  28  3:28  Drone  
  28  3:29  Spine Crawler  
  28  3:45  Spine Crawler  
  27  3:50  Hydralisk Den  
  27  3:53  Infestation Pit  
  25  3:56  Drone x2  
  25  4:00  Extractor  
  26  4:03  Drone  
  26  4:06  Extractor  
  26  4:12  Spore Crawler  
  26  4:14  Drone  
  26  4:27  Drone  
  26  4:28  Drone  
  26  4:30  Queen  
  30  4:40  Evolution Chamber  
  30  4:43  Drone x2  
  30  4:45  Drone  
  32  4:49  Drone  
  32  4:50  Drone  
  34  4:58  Overseer  
  34  5:04  Swarm Host x2  
  40  5:08  Zerg Missile Weapons Level 1  
  40  5:12  Hydralisk  
  42  5:19  Overlord  
  42  5:21  Overlord  
  42  5:27  Spine Crawler  
  41  5:30  Drone  
  41  5:32  Overlord  
  42  5:40  Overlord  
  42  5:46  Drone x2  
  42  5:47  Drone x2  
  46  5:55  Queen  
  48  6:02  Spine Crawler  
  47  6:06  Extractor  
  47  6:10  Spine Crawler  
  45  6:15  Spore Crawler  
  44  6:20  Swarm Host x2  
  44  6:21  Swarm Host  
  44  6:25  Swarm Host  
  56  6:28  Swarm Host  
  59  6:38  Drone x4  
  59  6:39  Drone  
  64  6:50  Hive  
  64  7:01  Nydus Network  
  64  7:04  Zerg Missile Weapons Level 2  
  63  7:11  Drone x3  
  63  7:13  Drone  
  63  7:15  Drone  
  68  7:28  Drone x2  
  68  7:29  Drone x4  
  74  7:32  Overlord  
  74  7:45  Overseer  
  74  8:04  Nydus Canal  
  74  8:33  Overseer  
  74  8:56  Grooved Spines  
  74  8:59  Ultralisk Cavern, Hydralisk  
  74  9:00  Hydralisk x3  
  81  9:02  Overlord  
  81  9:03  Overlord x2  
  80  9:17  Hydralisk  
  81  9:27  Burrow  
  81  9:41  Spine Crawler  
  78  9:56  Drone x4  
  78  9:57  Drone x2, Spore Crawler  
  78  9:59  Spore Crawler  
  82  10:20  Ultralisk x3  
  82  10:21  Ultralisk  
  106  10:34  Overlord x5  
  106  10:39  Zerg Ground Armor Level 1  
  106  10:51  Queen x3  
  106  10:52  Extractor  
  111  10:57  Drone  
  111  10:58  Drone x4  
  116  11:05  Hydralisk x6  
  128  11:19  Zergling x4  
  128  11:20  Zergling x4  
  128  11:21  Overlord x3  
  128  11:22  Overlord x2  
  132  11:29  Chitinous Plating  
  134  11:33  Pneumatized Carapace  
  132  11:46  Swarm Host x2  
  132  11:47  Swarm Host  
  147  12:02  Overlord x2  
  147  12:03  Drone x2, Overlord  
  147  12:04  Drone x2, Spore Crawler  
  150  12:16  Lurker Den  
  149  12:24  Swarm Host  
  149  12:25  Swarm Host x4  
  164  12:33  Zerg Missile Weapons Level 3  
  164  12:43  Hydralisk  
  164  12:44  Hydralisk x4  
  164  12:48  Drone x4  
  178  12:52  Spore Crawler  
  178  12:54  Spore Crawler  
  178  12:55  Spore Crawler  
  150  13:31  Ultralisk x2  
  135  13:54  Viper x2, Ultralisk  
  146  13:57  Hydralisk  
  146  13:58  Drone  
  146  14:07  Hydralisk  
  146  14:08  Hydralisk  
  137  14:51  Overseer  
  137  14:58  Nydus Canal  
  137  15:42  Overseer  
  137  16:47  Zerg Ground Armor Level 2  
  137  16:56  Spire  
  126  17:23  Ultralisk x3  
  126  17:29  Ultralisk x2  
  121  18:18  Corruptor x3  
  126  19:06  Hatchery  
  125  19:16  Hatchery  
  124  19:22  Hatchery  
  123  20:01  Extractor  
  123  20:03  Extractor  
  121  20:31  Drone  
  122  20:49  Drone  
  123  21:10  Drone x3  
  123  21:11  Drone  
  127  21:35  Drone x5  
  127  21:36  Drone  
  133  21:40  Extractor  
  133  21:43  Extractor  
  131  21:55  Drone x3  
  131  21:56  Drone  
  131  21:58  Drone  
  136  22:19  Drone x4  
  136  22:20  Drone x2  
  115  22:44  Corruptor x2  
  109  23:30  Nydus Network  
  108  23:43  Drone x3  
  108  23:47  Extractor  
  108  23:48  Drone x6  
  113  23:49  Drone x3, Extractor  
  116  24:23  Ultralisk  
  122  24:26  Hydralisk x5  
  132  24:35  Drone  
  132  24:36  Drone x6  
  139  24:40  Ultralisk  
  139  24:43  Drone  
  140  24:49  Queen  
  142  25:04  Nydus Canal  
  142  25:22  Lurker  
  143  25:59  Corruptor x2  
  143  26:00  Corruptor x2  
  143  26:01  Corruptor, Hydralisk  
  143  26:02  Hydralisk x4  
  164  26:04  Zergling x4  
  165  26:43  Ultralisk x4  
  165  26:46  Corruptor  
  191  26:52  Zerg Flyer Weapons Level 1  
  191  26:59  Spire  
  190  28:58  Zerg Flyer Armor Level 1  
  190  29:00  Zerg Flyer Weapons Level 2  
  190  29:43  Overlord x3  
  137  30:30  Ultralisk x2, Mutalisk x3  
  137  30:31  Hydralisk x2, Mutalisk  
  137  30:32  Hydralisk x4  
  159  31:08  Ultralisk x6  
  157  31:56  Corruptor x3  
  157  31:57  Mutalisk  
  157  31:58  Hydralisk x4  
  172  32:24  Drone  
  172  32:25  Drone x9  
  182  32:30  Hydralisk x2  
  166  33:16  Corruptor x7  
  166  33:17  Corruptor x5  
  190  33:58  Corruptor x5  
  192  34:31  Ultralisk  
  107  35:44  Ultralisk x3  
  107  35:45  Ultralisk x3  
  141  36:51  Hatchery  
  140  37:27  Drone x3  
  143  37:41  Drone  
  144  38:13  Hatchery  
  142  38:27  Drone x2  
  142  38:28  Drone  
  145  38:34  Hydralisk x3  
  145  38:35  Hydralisk  
  145  38:40  Drone  
  128  39:34  Lurker  
  128  39:35  Lurker x3  
  61  41:56  Nydus Canal  
Show
View Real Time Build Order
Export as new Build Order

iPlayDefense Terran - Winner!

Build Orders:  

Get SALT Encoding   

  12  0:00  SCV  
  13  0:17  Supply Depot  
  13  0:25  SCV  
  14  0:30  Refinery  
  14  0:37  SCV  
  15  0:45  Barracks  
  15  0:59  Supply Depot  
  15  1:09  SCV  
  16  1:21  SCV  
  18  1:41  Orbital Command  
  18  1:44  Marine  
  18  2:02  Marine  
  19  2:08  Supply Depot  
  19  2:14  SCV  
  20  2:19  Marine  
  21  2:26  SCV  
  22  2:31  Supply Depot  
  22  2:37  Marine  
  23  2:55  Supply Depot, Marine  
  24  3:13  Marine  
  25  3:21  Command Center  
  25  3:23  SCV  
  26  3:27  Bunker  
  26  3:33  Marine  
  27  3:35  SCV  
  27  3:41  Factory  
  27  3:45  Refinery  
  27  3:47  SCV  
  28  3:51  Marine  
  29  3:59  SCV  
  30  4:06  Supply Depot  
  30  4:11  SCV  
  31  4:23  SCV  
  32  4:29  Factory Tech Lab  
  32  4:33  Barracks  
  32  4:35  SCV  
  32  4:37  Barracks  
  33  4:39  SCV  
  34  4:47  SCV  
  34  4:51  SCV  
  36  4:58  Bunker  
  36  4:59  Barracks Reactor  
  36  5:03  SCV  
  36  5:05  Siege Tank  
  40  5:15  SCV  
  41  5:25  Supply Depot  
  41  5:28  SCV  
  42  5:29  Barracks Tech Lab  
  42  5:30  Barracks Tech Lab  
  42  5:35  Engineering Bay  
  42  5:40  SCV  
  43  5:46  Starport  
  43  5:52  SCV  
  44  6:03  Supply Depot  
  44  6:09  Marine x4  
  48  6:14  Missile Turret  
  48  6:15  SCV  
  49  6:21  Stimpack  
  49  6:27  Marine  
  49  6:28  SCV, Marauder x2  
  49  6:30  Starport Reactor  
  55  6:34  Missile Turret  
  55  6:36  Combat Shield  
  55  6:40  SCV  
  55  6:46  Supply Depot  
  56  6:52  SCV  
  57  6:55  Supply Depot, Terran Infantry Weapons Level 1  
  57  7:04  SCV, Marine x4  
  62  7:08  Supply Depot  
  62  7:16  SCV  
  62  7:17  Armory  
  62  7:22  Marine  
  64  7:24  Supply Depot  
  64  7:27  Marine x3  
  64  7:28  SCV  
  68  7:35  Missile Turret  
  68  7:39  Siege Tank, Marine  
  68  7:40  SCV  
  73  7:45  Marine x3  
  73  7:46  Supply Depot  
  76  7:52  SCV  
  76  7:57  Marine  
  78  8:00  Liberator x2  
  78  8:03  Marine  
  85  8:09  Supply Depot, Marine x2  
  87  8:15  Marine  
  87  8:17  Orbital Command  
  88  8:21  Marine  
  89  8:27  Marauder  
  89  8:28  Marauder  
  89  8:31  Supply Depot  
  88  8:49  Marauder  
  88  8:50  Terran Infantry Armor Level 1  
  90  9:02  Marine x3  
  91  9:03  Bunker  
  91  9:06  Terran Vehicle Weapons Level 1  
  91  9:08  Thor  
  99  9:10  Marine  
  100  9:20  Marine  
  100  9:21  Marauder  
  103  9:28  Marauder  
  105  9:42  Marine x3  
  105  9:49  Marine  
  105  9:51  Thor  
  109  9:57  Command Center  
  109  10:00  Marine  
  109  10:01  Marauder  
  109  10:04  Refinery  
  109  10:05  SCV, Refinery  
  113  10:07  Marauder  
  115  10:17  SCV  
  116  10:29  SCV  
  116  10:34  Thor  
  123  10:41  SCV  
  124  10:44  Missile Turret  
  124  10:48  Marine x2  
  124  10:49  Marine x2  
  128  10:53  SCV  
  128  10:56  Medivac  
  131  11:05  Missile Turret  
  131  11:06  Marine  
  131  11:07  Marauder x2  
  136  11:17  Thor  
  142  11:22  Supply Depot, Marine  
  142  11:24  Marine  
  144  11:28  Marine x2  
  146  11:34  Terran Vehicle Weapons Level 2  
  146  11:40  Marine  
  146  11:43  Hi-Sec Auto Tracking  
  146  11:46  Supply Depot, Marauder x2  
  151  11:55  SCV  
  152  12:23  SCV  
  153  12:35  SCV  
  154  12:40  Terran Infantry Weapons Level 2  
  154  12:47  SCV  
  155  12:59  SCV  
  155  13:00  Marine x4  
  155  13:05  Medivac x2  
  164  13:11  SCV  
  165  13:17  Marine  
  165  13:18  Marine, Marauder x2  
  151  13:34  Medivac  
  151  13:35  Medivac  
  151  13:40  Marine x2, Marauder x2  
  153  13:43  Thor  
  137  13:50  SCV  
  119  13:58  Marine x2  
  119  14:01  Marine x2, Refinery x2  
  119  14:02  SCV  
  124  14:14  SCV  
  124  14:16  Marine  
  126  14:19  Marauder x2  
  126  14:20  Viking x2  
  133  14:26  SCV, Thor  
  126  14:38  SCV  
  126  14:40  Marauder  
  129  14:45  Marine  
  129  14:46  Marine x2  
  129  14:50  Viking x2  
  136  15:01  SCV, Marine  
  136  15:03  Marine x3  
  141  15:13  SCV  
  141  15:14  Supply Depot  
  148  15:19  Marauder  
  148  15:20  Viking  
  152  15:22  Marauder  
  152  15:25  SCV  
  154  15:36  Supply Depot  
  154  15:37  SCV  
  154  15:41  Marauder  
  148  15:49  SCV  
  143  15:59  Supply Depot, Factory  
  143  16:00  Marine x3  
  143  16:02  Marine, Factory  
  147  16:04  Viking  
  147  16:05  Viking  
  147  16:09  SCV  
  152  16:18  Marine x3  
  152  16:21  SCV  
  154  16:33  SCV  
  154  16:34  Viking  
  154  16:35  Viking  
  154  16:37  Marauder  
  154  16:45  SCV  
  155  16:48  Marine  
  155  16:49  Marine x2  
  158  16:57  SCV  
  158  16:58  Marauder  
  161  17:04  Viking  
  161  17:05  Viking  
  161  17:06  Marine  
  161  17:07  Marine x2  
  168  17:09  SCV  
  161  17:19  Marauder  
  161  17:22  SCV  
  157  17:24  Marine  
  157  17:25  Marine x2  
  148  17:34  Viking  
  148  17:35  Viking  
  148  17:40  Marine  
  148  17:42  Marine x3  
  152  17:58  Marine  
  111  18:14  Marine x3  
  111  18:16  Marine  
  115  18:32  Marine x3  
  115  18:34  Marine  
  113  18:49  Marine  
  113  18:50  Marine x2  
  113  18:51  Marine  
  113  18:53  Viking  
  113  18:54  Viking  
  115  19:05  Command Center  
  115  19:07  Marine  
  115  19:08  Marine x2  
  115  19:09  Marine  
  119  19:23  Viking x2  
  123  19:26  Marine  
  122  19:53  Viking x2  
  122  19:56  Marine x3  
  122  19:57  Marine  
  130  20:14  Marine x3  
  130  20:15  Marauder  
  135  20:22  Refinery  
  135  20:23  SCV, Viking x2  
  140  20:32  Marine x3  
  140  20:35  SCV  
  144  20:36  Marauder  
  146  20:47  SCV  
  146  20:49  Marine  
  147  20:50  Marine x2  
  147  20:53  Medivac x2  
  154  20:58  Marauder  
  154  20:59  SCV  
  157  21:08  Marine  
  157  21:10  Command Center  
  158  21:11  SCV  
  159  21:23  Medivac x2  
  159  21:24  SCV  
  164  21:36  SCV  
  165  21:48  SCV  
  166  21:56  Viking x2  
  166  22:00  SCV  
  171  22:12  SCV  
  172  22:17  Refinery  
  172  22:19  Refinery  
  172  22:24  SCV  
  172  22:26  Viking x2  
  121  22:40  Marine  
  121  22:41  Marine x3  
  113  22:55  Viking  
  113  22:56  Viking  
  113  22:58  Marine x3  
  115  22:59  Marine  
  99  23:15  SCV  
  99  23:16  Marine x4  
  100  23:25  Viking  
  100  23:26  Viking  
  102  23:27  SCV  
  102  23:28  Factory  
  102  23:30  Factory  
  102  23:34  Marine x4  
  104  23:39  SCV  
  108  23:51  SCV, Marine  
  108  23:52  Marine x2  
  112  23:55  Medivac  
  114  24:03  SCV  
  105  24:12  Factory  
  105  24:15  Factory  
  105  24:16  SCV  
  104  24:19  Marine  
  104  24:20  Marine x3  
  104  24:22  Factory Tech Lab  
  108  24:24  Factory Tech Lab  
  108  24:26  Viking  
  108  24:27  Viking  
  112  24:37  Marine  
  112  24:38  Marine x3  
  116  24:39  Refinery  
  116  24:42  SCV  
  117  24:54  SCV  
  117  24:55  Marine x2  
  117  24:56  Viking  
  117  24:57  Viking  
  124  25:01  Factory Tech Lab  
  124  25:04  Factory Tech Lab  
  124  25:26  Viking  
  124  25:27  Viking  
  128  25:48  Command Center  
  125  25:56  Viking  
  125  25:57  Viking  
  125  26:02  Armory  
  125  26:04  Refinery  
  125  26:06  Refinery  
  113  26:50  Thor  
  113  26:51  Thor x3  
  137  27:04  SCV  
  138  27:14  Viking  
  138  27:15  Viking  
  142  27:16  SCV  
  143  27:28  SCV  
  144  27:33  Thor  
  144  27:34  Thor x3  
  168  27:41  SCV  
  162  27:44  Viking  
  162  27:45  Viking  
  158  27:53  SCV  
  156  28:05  Supply Depot  
  156  28:14  Viking  
  156  28:15  Viking  
  156  28:16  Thor x4  
  184  28:29  Supply Depot  
  179  28:44  Viking  
  179  28:45  Viking  
  179  28:47  Terran Vehicle Weapons Level 3  
  183  28:57  Supply Depot  
  183  28:59  Thor x2  
  195  29:20  Supply Depot  
  185  30:13  Barracks Reactor  
  171  30:26  Barracks Reactor  
  144  31:07  Marine x4  
  136  31:24  Terran Vehicle And Ship Armor Level 1  
  136  31:25  Marine x4  
  97  31:43  Marine x4  
  92  31:48  Thor x4  
  98  32:00  Marine  
  98  32:01  Marine x3  
  102  32:18  Marine  
  102  32:19  Marine x3  
  98  32:31  Thor x4  
  98  32:35  Viking x2  
  98  32:36  Marine  
  98  32:37  Marine x3  
  130  32:54  Marine x4  
  122  33:05  Viking x2  
  124  33:12  Marine x4  
  117  33:13  Thor  
  117  33:14  Thor x3  
  117  33:19  Terran Ship Weapons Level 1  
  132  33:29  Marine  
  132  33:30  Marine x3  
  136  33:35  Viking x2  
  119  33:56  Thor  
  119  33:57  Thor x3  
  143  34:05  Viking x2  
  140  34:39  Thor  
  140  34:40  Thor x3  
  136  35:22  Thor x4  
  154  36:03  Marine  
  154  36:04  Marine x3  
  158  36:21  Marine  
  158  36:22  Supply Depot  
  159  36:44  Marine x2, Thor  
  159  36:45  Supply Depot  
  167  37:06  Marine x2, Thor  
  175  37:08  Supply Depot  
  175  37:20  Marine x2  
  172  37:24  Marine x2  
  172  37:29  Thor  
  174  37:30  Supply Depot  
  180  37:38  Marine x2  
  182  37:51  Thor  
  182  37:52  Supply Depot  
  182  37:55  Marine  
  189  38:13  Thor  
  189  38:14  Supply Depot  
  46  41:05  Thor x4  
  70  41:15  SCV  
  47  41:27  SCV  
  48  41:37  Armory  
  48  41:39  SCV  
  49  41:48  Thor  
  49  41:51  SCV  
  56  42:03  SCV  
Tags
 
Composition
Swarm Host
Matchup
TvZ
Opening
Pool First
Replay Pack
DaveSC2
Spawn Locations
Cross Positions
Add a new tag
Caveats
  • Supply blocks, unpowered buildings, or Contaminate may cause inaccurate times.
  • Supply counts are checked every 10 seconds.